Wijj, chaotic female elven Wizard ---------.- |...aaa...| |..aaa@a..| |....a.a..+ ----------- Wijj the Conjurer Experience level: 3 Strength: 13 Dexterity: 12 Constitution: 14 Intelligence: 17 Wisdom: 10 Charisma: 11 Health: 0(25) Energy: 29(29) Def: 3 Gold: 112 Moves: 1990 Dungeon seed: jXKWuoW1VoLUzQ0r Game ID: Wijj_1676472222 Your Inventory: Amulets A - an uncursed amulet of ESP (being worn) Weapons d - a blessed +1 quarterstaff (weapon in hands) k - an uncursed +0 axe m - an uncursed +0 war hammer u - an uncursed +0 elven dagger Armor e - an uncursed +0 cloak of magic resistance (being worn) y - an uncursed +1 orcish helm (being worn) Comestibles q - an uncursed lichen corpse Scrolls J - 6 uncursed scrolls of identify Spellbooks N - an uncursed spellbook of magic missile Potions x - an uncursed potion of levitation E - an uncursed potion of confusion H - an uncursed potion of gain ability Rings p - an uncursed ring of free action v - an uncursed ring of stealth B - a blessed +3 ring of increase damage Wands b - an uncursed wand of striking (0:4) Tools a - an uncursed leather drum l - an uncursed magic lamp (lit) r - an uncursed mirror s - an uncursed stethoscope t - an uncursed can of grease (0:16) w - an uncursed bell T - an uncursed blindfold Gems n - 3 uncursed worthless pieces of yellowish brown glass Coins $ - 112 gold pieces Spells and supernatural/magical abilities: Name Level Category Cost Memory a - force bolt 1 attack 8pw 97% c - cause fear 3 enchantment 25pw 100% j - jumping 1 escape 12pw 97% k - knock 1 matter 12pw 97% m - magic missile 2 attack 16pw 97% p - protection 1 clerical 12pw 100% W - pray for help -- divine ? -- Your skills at the end: Fighting Skills wands [Basic] Weapon Skills quarterstaff [Basic] Spellcasting Skills attack spells [Basic] enchantment spells [Basic] Final Attributes: You were piously aligned. You were immune to sleep. You were poison resistant. You were magic resistant. You saw invisible. You were strongly telepathic. You had infravision. Anhur was noncommittal. You are dead. Vanquished creatures: a shrieker an iguana a gas spore a hobbit a hobgoblin a brown mold a yellow mold 3 geckos 11 jackals a fox 2 goblins 2 sewer rats 6 grid bugs 4 lichens 5 newts 41 creatures vanquished. Voluntary challenges: You had been an atheist until turn 1960. You used a wielded weapon 34 times, starting on turn 307. You read items or engraved 12 times, starting on turn 1418. You never genocided any monsters. You never polymorphed an object. You never changed form. You used no wishes. You never split a pudding. You never wrote Elbereth's name. You never violated your personal moral code. Dungeon overview: The Dungeons of Doom: levels 1 to 6 Level 1 a long staircase Level 2 a fountain Level 3 a general store, a fountain Level 4 a scroll shop stairs to The Gnomish Mines Level 5 an altar to Anhur Level 6 <- You were here The Gnomish Mines: Level 5 stairs to The Dungeons of Doom History has recorded: On T:1 you entered the Dungeons of Doom to retrieve the Amulet of Yendor! On T:55 you reached level 2 of The Dungeons of Doom. On T:896 you reached level 3 of The Dungeons of Doom. On T:954 you reached level 4 of The Dungeons of Doom. On T:982 you advanced to experience level 2. On T:1245 you advanced to experience level 3. On T:1473 you reached level 5 of The Dungeons of Doom. On T:1609 you reached level 1 of The Gnomish Mines. On T:1989 you reached level 6 of The Dungeons of Doom. Score breakdown: Gold: 112 ( 6983 points) Experience: 3 levels ( 7878 points) Exploration: 6 levels ( 12.50%) ( 9784 points) Discoveries: 11 items ( 3.83%) ( 5873 points) Valuables value: (no points given unless you survive) Artifact value: 0 ( 0 points) Variety of kills: 15 monsters ( 3.95%) ( 5960 points) Turncount: 1990 turns ( 0 points) Survival: died (score multiplied by 80%) Total score: 29182 Latest messages: You are now wearing a bronze ring. You take off your bronze ring. As you read the scroll, it disappears. This is an identify scroll. v - an uncursed ring of stealth. B - a blessed +3 ring of increase damage. x - an uncursed potion of levitation. The killer bee stings! (2x) The killer bee misses. The killer bee stings! (3x) Where do you want to travel to? Never mind. You write in the dust with your fingers. The killer bee stings! The killer bee's sting was poisoned! The killer bee stings! (2x) The killer bee misses. The killer bee stings! (2x) You die... Final status: Goodbye Wijj the Wizard, killed by a killer bee... You died in The Dungeons of Doom on dungeon level 6 with 29182 points, and 112 pieces of gold, after 1990 moves. You were level 3 with a maximum of 25 hit points when you died.